 Dungeon Crawl Stone Soup version 0.20-a0-539-g174d061 (webtiles) character file.

51 Dragon983 the Skirmisher (level 3, -4/18 HPs)
             Began as a Felid Berserker on Jan 29, 2017.
             Was a Believer of Trog.
             Slain by a hobgoblin
             ... wielding a +0 club
             ... led by Robin
              (5 damage)
             ... on level 2 of the Dungeon.
             The game lasted 00:01:42 (1815 turns).

Dragon983 the Skirmisher (Felid Berserker)          Turns: 1815, Time: 00:01:43

Health: -4/18      AC:  1    Str: 13    XL:     3   Next: 57%
Magic:  4/4        EV: 19    Int:  8    God:    Trog [**....]
Gold:   36         SH:  0    Dex: 16    Spells: 2/2 levels left
                                        Lives:  0   Deaths: 0

rFire    . . .     SeeInvis +     - Unarmed
rCold    . . .     Gourm    .   (armour unavailable)
rNeg     + . .     Faith    .   (shield unavailable)
rPois    .         Spirit   .   (helmet unavailable)
rElec    .         Reflect  .   (cloak unavailable)
rCorr    .         Harm     .   (gloves unavailable)
MR       .....                  (boots unavailable)
Stlth    ++........             (no amulet)
Regen    0.1/turn               (no ring)
                                g - ring of positive energy

@: exhausted, slowed, slow
A: no armour, no weapons or thrown items, stealth, claws 1, fangs 3, see
invisible, carnivore 3, speed 1, shaggy fur 1, slow metabolism 1, sharp paws
a: Berserk, Trog's Hand, Burn Spellbooks, Renounce Religion


You were on level 2 of the Dungeon.
You worshipped Trog.
Trog was pleased with you.
You were very full.

You visited 1 branch of the dungeon, and saw 2 of its levels.

You collected 36 gold pieces.

Inventory:

Jewellery
 g - a ring of positive energy (left paw)
Scrolls
 b - a scroll of identify {unknown}
 c - a scroll of magic mapping {unknown}
 d - a scroll of teleportation {unknown}
 e - a scroll of enchant armour {unknown}
Comestibles
 a - 2 meat rations
 f - a chunk of flesh


   Skills:
 * Level 4.1 Fighting
 - Level 4.0 Dodging
 + Level 3.5 Unarmed Combat


You had 2 spell levels left.
You didn't know any spells.

Dungeon Overview and Level Annotations

Branches:
Dungeon (2/15)

Altars:

Annotations:
D:2 Robin


Innate Abilities, Weirdness & Mutations

You cannot wear armour.
You are incapable of wielding weapons or throwing items.
Your paws allow you to move quietly. (Stealth)
You have sharp claws.
You have razor-sharp teeth.
You have supernaturally acute eyesight. (SInv)
You are carnivorous and can eat meat at any time.
You cover ground quickly.
You are covered in fur. (AC +1)
You have a slow metabolism.
Your sharp claws are effective at attacking unaware monsters.


Message History

The hobgoblin closely misses you. x2; The goblin hits you but does no damage.
Robin throws the goblin at you!
You barely miss the hobgoblin. The goblin closely misses you. x2
The hobgoblin misses you.
You scratch the goblin.
You kill the goblin!
Trog accepts your kill. The hobgoblin completely misses you.
The goblin hits you with a club.
* * * LOW HITPOINT WARNING * * *
The goblin closely misses you.
You claw the goblin!
You kill the goblin!
Trog accepts your kill. The hobgoblin closely misses you.
You scratch the hobgoblin.
The hobgoblin is lightly wounded.
You are no longer berserk.
You are exhausted.
You feel yourself slow down. The hobgoblin hits you with a club.
You die...

#.. #.. #.# .#.#
#.#######.#.#
#.#.......#.#
#........##.#
#...........#########
####)..........ggg......
..........(...gg@g......
###.........#########...
#..#'###..........+ #..#.#
#..........# #..#.#
#..........#
###..#.###..........#....#
#>.......'..........+....+
#.#..#.###..........#....#
.....#.#
#..........#....##


You could see Robin, 3 hobgoblins and 2 goblins.

Vanquished Creatures
  2 dart slugs (D:1)
  A ball python (D:1)
  7 bats
  2 giant cockroaches
  10 goblins
  5 hobgoblins
  5 jackals (D:1)
  3 kobolds
  2 frilled lizards (D:1)
  A rat (D:1)
38 creatures vanquished.

Notes
Turn   | Place    | Note
-------+----------+-------------------------------------------
     0 | D:1      | Dragon983 the Felid Berserker began the quest for the Orb.
     0 | D:1      | Reached XP level 1. HP: 10/10 MP: 2/2
   179 | D:1      | Reached XP level 2. HP: 14/14 MP: 3/3
  1287 | D:1      | Reached ** piety under Trog
  1288 | D:1      | Reached XP level 3. HP: 17/18 MP: 4/4
  1796 | D:2      | Noticed Robin
  1813 | D:2      | HP: 1/27 [goblin/club[Robin] (6)]
  1815 | D:2      | Slain by a hobgoblin

Vault maps used:
D:1:      zelgadis_glass_arrival_small
D:2:      vehumet_crystals, nemelex_dance_club_becter, uniq_robin,
          uniq_crazy_yiuf_cottage, uniq_iyjb

Skill      XL: |  1  2  3 |
---------------+----------+-----
Fighting       | 4 |  4.1
Dodging        | |  4.0
Unarmed Combat | |  3.5

Action                   || total
-------------------------++-------
Melee: Unarmed           ||    82
       Bite              ||    11
       Punch             ||     2
Invok: Berserk           ||     3
       Trog's Hand       ||     1
 Stab: Sleeping          ||     1
  Eat: Chunk             ||    11
Armor: Skin              ||     8
Dodge: Dodged            ||   102
